 Dungeon Crawl Stone Soup version 0.21-a0-344-g2144152 (webtiles) character file.

1 tin111 the Fighter (level 1, 0/26 HPs)
             Began as a Gnoll Wanderer on Oct 4, 2017.
             Slain by a rat (1 damage)
             ... on level 1 of the Dungeon.
             The game lasted 00:00:28 (108 turns).

tin111 the Fighter (Gnoll Wanderer)                  Turns: 108, Time: 00:00:28

Health: 0/26       AC:  8    Str: 18    XL:     1   Next: 20%
Magic:  1/1        EV:  9    Int: 12    God:
Gold:   10         SH:  0    Dex: 12    Spells: 0/0 levels left

rFire    . . .     SeeInvis .   b - +0 hand axe
rCold    . . .     Gourm    .   (no shield)
rNeg     . . .     Faith    .   a - +2 scale mail
rPois    .         Spirit   .   (no helmet)
rElec    .         Reflect  .   (no cloak)
rCorr    .         Harm     .   (no gloves)
MR       .....                  (no boots)
Stlth    ..........             (no amulet)
HPRegen  0.08/turn              (no ring)
MPRegen  0.07/turn              (no ring)

@: no status effects
A: distributed training, fangs 1, strong nose
a: no special abilities


You were on level 1 of the Dungeon.
You were not hungry.

You visited 1 branch of the dungeon, and saw 1 of its levels.

You collected 10 gold pieces.

Inventory:

Hand Weapons
 b - a +0 hand axe (weapon)
Armour
 a - a +2 scale mail (worn)
Scrolls
 c - a scroll of teleportation
Comestibles
 d - a bread ration
 f - a royal jelly


   Skills:
 + Level 8.4 Fighting
 + Level 2.3 Short Blades
 + Level 0.0 Long Blades
 + Level 4.4 Axes
 + Level 0.0 Maces & Flails
 + Level 0.0 Polearms
 + Level 0.0 Staves
 + Level 0.0 Slings
 + Level 0.0 Bows
 + Level 0.0 Crossbows
 + Level 4.4 Throwing
 + Level 2.3 Armour
 + Level 0.0 Dodging
 + Level 0.0 Stealth
 + Level 0.0 Shields
 + Level 0.0 Unarmed Combat
 + Level 0.0 Spellcasting
 + Level 0.0 Conjurations
 + Level 0.0 Hexes
 + Level 0.0 Charms
 + Level 0.0 Summonings
 + Level 0.0 Necromancy
 + Level 0.0 Translocations
 + Level 0.0 Transmutations
 + Level 0.0 Fire Magic
 + Level 0.0 Ice Magic
 + Level 0.0 Air Magic
 + Level 0.0 Earth Magic
 + Level 0.0 Poison Magic
 + Level 0.0 Invocations
 + Level 0.0 Evocations


You couldn't memorise any spells.
You didn't know any spells.

Dungeon Overview and Level Annotations

Branches:
Dungeon (1/15)

Altars:


Innate Abilities, Weirdness & Mutations

Your experience applies equally to all skills.
You have very sharp teeth.
Your uncanny sense of smell can sniff out nearby items.


Message History

* * * LOW HITPOINT WARNING * * *
The rat barely misses you. The rat bites you.
* * * LOW HITPOINT WARNING * * *
The rat closely misses you.
The rat bites you but does no damage. x2
The rat bites you but does no damage. The rat bites you.
* * * LOW HITPOINT WARNING * * *
The rat misses you. The rat bites you but does no damage.
The rat bites you but does no damage. The rat closely misses you.
The rat closely misses you. x2
The rat closely misses you. The rat barely misses you.
The rat bites you but does no damage. x2
The rat closely misses you. x2
The rat bites you.
* * * LOW HITPOINT WARNING * * *
The rat barely misses you. The rat closely misses you.
The rat completely misses you. The rat bites you.
You die...

#..#...######.#...
#.............r.#
#..........##...#
#........#.# ..#
#..#...#.#.# ..#
#..##.##.#.# ...#
..........#.##...#
##..........r....#
..#.....r@....#
##.#........#
.....#####.##
.##.## .# #. # #


You could see 2 rats.

Vanquished Creatures
  A bat (D:1)
1 creature vanquished.

Notes
Turn   | Place    | Note
-------+----------+-------------------------------------------
     0 | D:1      | tin111 the Gnoll Wanderer began the quest for the Orb.
     0 | D:1      | tin111 set off with: a +2 scale mail, a +0 hand axe, a scroll of teleportation, a bread ration
     0 | D:1      | Reached XP level 1. HP: 26/26 MP: 1/1
   106 | D:1      | HP: 1/26 [rat (3)]
   108 | D:1      | Slain by a rat

Vault maps used:
D:1:      eino_arrival_cavern_e

Action                   || total
-------------------------++-------
Melee: Hand axe          ||     1
Armor: Scale mail        ||    53
Dodge: Dodged            ||    63

Table legend:
 A = Spawn XP
 B = Non-spawn XP
 C = Spawn XP percentage of total XP
 D = Spawn monster count
 E = Non-spawn monster count
 F = Spawn count percentage of total count
 G = Total turns spent on level
                    A         B        C        D         E        F      G
               +---------+---------+-------+---------+---------+-------+---------
         Total |       0 |       2 |   0.0 |       0 |       1 |   0.0 |   108
               +---------+---------+-------+---------+---------+-------+---------
           D:1 |       0 |       2 |   0.0 |       0 |       1 |   0.0 |   108
               +---------+---------+-------+---------+---------+-------+---------
